 Dungeon Crawl Stone Soup version 0.19.5 (webtiles) character file.

39193 equalderp2856 the Warrior (level 13, -2/70 HPs)
             Began as a Felid Fighter on Mar 27, 2017.
             Slain by a deep elf mage
             ... wielding a +0 rapier
              (6 damage)
             ... on level 2 of the Orcish Mines on Mar 28, 2017.
             The game lasted 04:05:23 (63934 turns).

equalderp2856 the Warrior (Felid Fighter)          Turns: 63934, Time: 04:05:24

Health: -2/70      AC:  3    Str: 13    XL:     13   Next: 67%
Magic:  15/24      EV: 27    Int: 13    God:
Gold:   1999       SH:  5    Dex: 16    Spells: 6 memorised, 14 levels left
                                        Lives:  0   Deaths: 3

rFire  . . .     SeeInvis +       - Unarmed
rCold  + . .     Gourm    .     (armour unavailable)
rNeg   . . .     Faith    .     (shield unavailable)
rPois  .         Spirit   .     (helmet unavailable)
rElec  .         Reflect  +     (cloak unavailable)
rCorr  .         Harm     .     (gloves unavailable)
MR     +....                    (boots unavailable)
Stlth  ++++......               C - +5 amulet of reflection
                                p - ring of stealth
                                L - ring of stealth

@: confusing touch (expiring), liquid flames, glowing, quick
A: no armour, no weapons or thrown items, stealth, claws 1, fangs 3, see
invisible, carnivore 3, speed 1, shaggy fur 3, slow metabolism 1, sharp paws
a: no special abilities


You were on level 2 of the Orcish Mines.
You were not hungry.

You visited 5 branches of the dungeon, and saw 23 of its levels.
You also visited: Labyrinth.

You collected 3121 gold pieces.
You spent 1122 gold pieces at shops.

Inventory:

Jewellery
 o - an uncursed ring of poison resistance
 p - a ring of stealth (right paw)
 y - an uncursed ring of ice
 C - a +5 amulet of reflection (around neck)
 L - a ring of stealth (left paw)
 R - the ring "Somoyt" {+Fly rN+ Str+2 Slay+2}
   (You took it off a minotaur in a labyrinth)

   [ring of flight]

   It affects your strength (+2).
   It affects your accuracy and damage with ranged weapons and melee attacks
   (+2).
   It protects you from negative energy.
   It lets you fly.
Wands
 m - a wand of lightning (10/15)
 E - a wand of acid (8/15)
 G - a wand of iceblast (1/15)
 H - a wand of lightning (9/15)
 I - a wand of slowing (25/48)
 K - a wand of acid (6/15)
 S - a wand of flame (25/48)
 T - a wand of paralysis (5/24)
 X - a wand of digging (12/24)
Scrolls
 e - 9 scrolls of identify
 f - 3 scrolls of amnesia
 g - 2 scrolls of blinking
 k - a scroll of recharging
 l - 4 scrolls of teleportation
 r - 10 scrolls of remove curse
 s - 3 scrolls of fear
 v - 7 scrolls of magic mapping
 A - a scroll of silence
 B - 2 scrolls of torment
 J - 2 scrolls of fog
 Q - a scroll of summoning
Potions
 a - 5 potions of might
 i - 4 potions of mutation
 j - 2 potions of resistance
 n - 2 potions of flight
 q - 2 potions of berserk rage
 w - 4 potions of brilliance
 z - 3 potions of degeneration
 D - a potion of agility
 F - 4 potions of haste
 O - a potion of beneficial mutation
Books
 t - a book of Power

   Spells                             Type                      Level
   a - Fulminant Prism                Conjuration/Hexes            4
   b - Iskenderun's Mystic Blast      Conjuration                  4
   c - Venom Bolt                     Conjuration/Poison           5
   d - Bolt of Magma                  Conjuration/Fire/Earth       5
   e - Iron Shot                      Conjuration/Earth            6
   f - Orb of Destruction             Conjuration                  7
   g - Spellforged Servitor           Conjuration/Summoning        7
 x - a book of Beasts

   Spells                             Type                      Level
   a - Summon Butterflies             Summoning                    1
   b - Call Canine Familiar           Summoning                    3
   c - Summon Ice Beast               Ice/Summoning                4
   d - Summon Mana Viper              Hexes/Summoning              5
   e - Summon Hydra                   Summoning                    7
 M - a Grand Grimoire

   Spells                             Type                      Level
   a - Monstrous Menagerie            Summoning                    7
   b - Summon Greater Demon           Summoning                    7
   c - Malign Gateway                 Summoning/Translocation      7
   d - Summon Horrible Things         Summoning                    8
 N - a book of Callings

   Spells                             Type                      Level
   a - Summon Small Mammal            Summoning                    1
   b - Call Imp                       Summoning                    2
   c - Call Canine Familiar           Summoning                    3
   d - Summon Guardian Golem          Hexes/Summoning              3
   e - Summon Lightning Spire         Summoning/Air                4
   f - Summon Ice Beast               Ice/Summoning                4
 P - a book of Cantrips

   Spells                             Type                      Level
   a - Confusing Touch                Hexes                        1
   b - Animate Skeleton               Necromancy                   1
   c - Summon Small Mammal            Summoning                    1
   d - Apportation                    Translocation                1
 U - the Handbook of Stones and Lightness
   (You found it in a labyrinth)

   Spells                             Type                      Level
   a - Swiftness                      Charms/Air                   2
   b - Passwall                       Transmutation/Earth          2
   c - Stone Arrow                    Conjuration/Earth            3
   d - Shatter                        Earth                        9
 V - a book of Party Tricks

   Spells                             Type                      Level
   a - Summon Butterflies             Summoning                    1
   b - Apportation                    Translocation                1
   c - Lesser Beckoning               Translocation                3
   d - Tukima's Dance                 Hexes                        3
   e - Alistair's Intoxication        Transmutation/Poison         5
   f - Invisibility                   Hexes                        6
 W - a book of Minor Magic

   Spells                             Type                      Level
   a - Magic Dart                     Conjuration                  1
   b - Blink                          Translocation                2
   c - Call Imp                       Summoning                    2
   d - Repel Missiles                 Charms/Air                   2
   e - Slow                           Hexes                        2
   f - Conjure Flame                  Conjuration/Fire             3
   g - Mephitic Cloud                 Conjuration/Poison/Air       3
 Y - a book of Maledictions

   Spells                             Type                      Level
   a - Corona                         Hexes                        1
   b - Ensorcelled Hibernation        Hexes/Ice                    2
   c - Confuse                        Hexes                        3
   d - Tukima's Dance                 Hexes                        3
   e - Dazzling Spray                 Conjuration/Hexes            3
 Z - a book of Frost

   Spells                             Type                      Level
   a - Freeze                         Ice                          1
   b - Throw Frost                    Conjuration/Ice              2
   c - Ozocubu's Armour               Charms/Ice                   3
   d - Throw Icicle                   Conjuration/Ice              4
   e - Summon Ice Beast               Ice/Summoning                4
Comestibles
 b - 3 meat rations
 c - 13 bread rations
 d - 32 fruits


   Skills:
 - Level 16.2 Fighting
 - Level 11.4 Dodging
 - Level 14.1 Stealth
 - Level 16.1 Unarmed Combat
 - Level 6.8 Spellcasting
 - Level 9.6 Hexes
 * Level 5.1 Ice Magic
 - Level 2.3 Evocations


You had 14 spell levels left.
You knew the following spells:

 Your Spells              Type           Power        Failure   Level  Hunger
a - Corona                Hex            ####...      1%          1    None
b - Ensorcelled Hibernat  Hex/Ice        ###...       1%          2    #......
c - Confuse               Hex            ####....     1%          3    ###....
d - Confusing Touch       Hex            ####..       1%          1    None
e - Repel Missiles        Chrm/Air       #.....       24%         2    #......
f - Blink                 Tloc           N/A          24%         2    #......


Dungeon Overview and Level Annotations

Branches:
Dungeon (14/15) Temple (1/1) D:4 Lair (5/6) D:8 Snake (0/4) Lair:4 Orc (2/2) D:11 Elf (1/3) Orc:2 Vaults (0/5) D:12 D:13 Swamp: Lair:2-4 Shoals: Lair:2-4 Slime: Lair:5-6

Altars:
Ashenzari
Cheibriados
Dithmenos
Elyvilon
Fedhas
Gozag
Hepliaklqana
Kikubaaqudgha
Makhleb
Nemelex Xobeh
Okawaru
Qazlal
Ru
Sif Muna
Trog
Uskayaw
Vehumet
Xom
Yredelemnul
Zin
The Shining One

Shops:
D:5 :   D:7 (   D:10 }   Orc:1 }   Orc:2 (?*:

Annotations:
D:13 Rupert
D:14 Snorg


Innate Abilities, Weirdness & Mutations

You cannot wear armour.
You are incapable of wielding weapons or throwing items.
Your paws allow you to move quietly. (Stealth)
You have sharp claws.
You have razor-sharp teeth.
You have supernaturally acute eyesight. (SInv)
You are carnivorous and can eat meat at any time.
You cover ground quickly.
Your thick and shaggy fur keeps you warm. (AC +3, rC+)
You have a slow metabolism.
Your sharp claws are effective at attacking unaware monsters.


Message History

The bolt of fire is repelled.
You feel less protected from missiles.
You climb upwards.
Welcome back to the Orcish Mines!
You are covered in liquid flames!
There is a staircase to the Elven Halls here.
Casting: Confuse
Confirm with . or Enter, or press ? or * to list all spells.
Your paws begin to glow red.
You are covered in liquid flames!
The deep elf mage misses you.
You scratch the deep elf mage but do no damage.
You are covered in liquid flames!
The deep elf mage gestures at you while chanting.
The bolt of fire hits you!
* * * LOW HITPOINT WARNING * * *
You feel better.
You are covered in liquid flames!
* * * LOW HITPOINT WARNING * * *
The deep elf mage hits you with a rapier.
You die...

.#.(...(..............##.....#...
##.................))...#........
#(...........#.[))...[.......#...
[..................###)....##....
.[..)..........#..###......#.(...
...)............####........(...#
.....[[..........#.##.......#..#.
....)[.........e....###..........
(.((............@..## ##.........
...........#.....### ##.........
.........(##.....# #........).
##...#######...##############..[.
.......## #...#.'..........##.).
.#...#..# ##..#.#...........##..
...(....## ##.#.#............##|
.#...#...# ###)#.............#.
.........## ###..#######....'.


You could see a deep elf mage.

Vanquished Creatures
  2 orc warlords (Orc:2)
  A stone giant (D:12)
  The ghost of Rester5115 the Carver, a journeyman DrBe of Trog (D:12)
  2 ettins (Orc:1)
  A minotaur (Lab)
  2 hydras
  A dancing weapon (Orc:2)
  4 centaur warriors
  7 orc high priests
  Sonja (D:14)
  5 hill giants
  12 orc knights
  A harpy (shapeshifter) (D:10)
  3 orc sorcerers (Orc:2)
  2 ugly things (D:12)
  2 deep elf magi (Orc:2)
  5 cyclopes
  4 elephants
  2 black mambas (Lair:1)
  3 komodo dragons (Lair:1)
  8 spiny frogs
  A kobold demonologist (D:12)
  6 gargoyles
  8 rime drakes
  3 tengu conjurers
  13 trolls
  3 meliai
  A polar bear (Lair:4)
  2 two-headed ogres
  Prince Ribbit (D:9)
  8 blink frogs
  3 slime creatures (D:12)
  A minotaur skeleton (Lab)
  A hornet (D:12)
  A dream sheep (Lair:3)
  3 shadows
  11 hippogriffs
  A vampire (D:14)
  A wyvern (D:8)
  9 humans
  36 yaks
  A wraith (D:13)
  10 basilisks
  A water elemental (Orc:2)
  3 chaos spawn (D:8)
  3 vampire mosquitoes
  2 hungry ghosts
  10 wargs
  A mottled dragon (D:12)
  Duvessa (D:3)
  12 water moccasins
  59 orc warriors
  9 porcupines
  A necrophage (D:9)
  5 sky beasts (D:10)
  16 ice beasts
  A hornet zombie (D:11)
  A black bear (Lair:3)
  21 ogres
  An eye of draining (D:9)
  2 phantoms
  6 wolves
  10 centaurs
  9 crocodiles
  8 big kobolds
  Blork the orc (D:4)
  16 bullfrogs
  An earth elemental (Orc:2)
  A wyvern zombie (D:11)
  2 wyvern skeletons
  3 scorpions
  Dowan (D:4)
  5 killer bees
  6 wights
  An electric eel (D:9)
  7 howler monkeys
  8 crimson imps
  3 bullfrog zombies
  A quasit (D:9)
  3 centaur zombies
  53 orc priests
  8 hounds
  4 jellies
  Crazy Yiuf (D:3)
  2 bullfrog skeletons
  A gnoll shaman (D:5)
  8 iguanas
  24 orc wizards
  Jessica (D:2)
  A centaur skeleton (D:9)
  Ijyb (D:3)
  Natasha (thrice) (D:4)
  10 worker ants
  2 hound skeletons
  A howler monkey zombie (D:9)
  Robin (D:2)
  A howler monkey skeleton (D:4)
  A worker ant zombie (D:10)
  10 gnolls
  13 adders
  3 shadow imps
  An ooze (D:3)
  An adder skeleton (D:7)
  7 worms
  6 dart slugs
  3 leopard geckos
  127 orcs
  11 bats
  4 giant cockroaches
  17 hobgoblins
  21 jackals
  59 kobolds
  4 quokkas
  A ball python (D:1)
  5 frilled lizards
  26 goblins
  2 leopard gecko skeletons (D:4)
  9 rats
  A fungus (Lair:1)
  2 plants
890 creatures vanquished.

Vanquished Creatures (others)
  A human (D:2)
  A centaur (D:13)
  An orc wizard (D:14)
  An orc (Orc:2)
  A ball python (D:4)
  22 fungi
  9 plants
36 creatures vanquished.

Grand Total: 926 creatures vanquished

Notes
Turn   | Place    | Note
-------+----------+-------------------------------------------
     0 | D:1      | equalderp2856 the Felid Fighter began the quest for the Orb.
     0 | D:1      | Reached XP level 1. HP: 10/10 MP: 2/2
   366 | D:1      | Reached XP level 2. HP: 13/14 MP: 3/3
   770 | D:1      | Reached XP level 3. HP: 9/17 MP: 4/4
  1931 | D:2      | Reached skill level 5 in Unarmed Combat
  2108 | D:2      | Reached XP level 4. HP: 18/21 MP: 5/5
  2272 | D:2      | Noticed Jessica
  2276 | D:2      | Killed Jessica
  2276 | D:2      | Reached skill level 1 in Stealth
  2290 | D:2      | Found an ancient bone altar of Kikubaaqudgha.
  2291 | D:2      | Noticed a human
  2294 | D:2      | Killed a human
  2612 | D:2      | Found an iron altar of Okawaru.
  3157 | D:3      | Reached XP level 5. HP: 17/24 MP: 6/6
  3779 | D:3      | Reached skill level 5 in Dodging
  3809 | D:3      | Noticed Robin
  3995 | D:3      | Found a shattered altar of Ashenzari.
  4184 | D:3      | Found a runed door.
  4233 | D:3      | Found an opulent altar of Gozag.
  4236 | D:3      | Found a radiant altar of Vehumet.
  4241 | D:3      | Found a stormy altar of Qazlal.
  4535 | D:2      | Killed Robin
  4986 | D:4      | Noticed Dowan
  4986 | D:4      | Noticed Natasha
  5070 | D:4      | You fall through a shaft for 3 floors!
  5221 | D:7      | Gained mutation: You are covered in thick fur. (AC +2) [Felid growth]
  5221 | D:7      | Reached XP level 6. HP: 19/28 MP: 7/7
  5816 | D:5      | Entered Level 5 of the Dungeon
  5843 | D:5      | Found Wischaj's Book Shoppe.
  6001 | D:5      | Reached XP level 7. HP: 31/31 MP: 8/8
  6496 | D:3      | Noticed Ijyb
  6541 | D:3      | Killed Ijyb
  6944 | D:3      | Noticed Crazy Yiuf
  6948 | D:3      | Killed Crazy Yiuf
  7049 | D:4      | Found a staircase to the Ecumenical Temple.
  7099 | D:4      | Noticed Duvessa
  7132 | D:4      | Killed Dowan
  7416 | D:4      | Noticed Blork the orc
  7469 | D:3      | Killed Duvessa
  8296 | Temple   | Entered the Ecumenical Temple
  8536 | D:4      | Killed Natasha
  8652 | D:4      | Reached skill level 5 in Stealth
  8652 | D:4      | Reached XP level 8. HP: 33/34 MP: 9/9
  8917 | D:4      | Killed Blork the orc
  9438 | D:4      | Noticed Natasha
  9444 | D:4      | Killed Natasha
  9982 | D:4      | Slain by a gnoll
  9983 | D:4      | Reached XP level 7. HP: 0/31 MP: 8/8
  9992 | D:4      | Noticed Natasha
 10005 | D:4      | Killed Natasha
 11244 | D:4      | Reached XP level 8. HP: 32/36 MP: 9/9
 11846 | D:5      | You fall through a shaft!
 12482 | D:7      | Reached skill level 10 in Unarmed Combat
 12691 | D:7      | Found Xyopuvel's Weapon Emporium.
 13373 | D:7      | Noticed a hippogriff
 13380 | D:7      | Killed a hippogriff
 13960 | D:8      | Reached XP level 9. HP: 39/39 MP: 10/10
 13972 | D:8      | Found a shimmering altar of Xom.
 15410 | D:8      | Found a staircase to the Lair.
 15452 | D:8      | Reached skill level 1 in Evocations
 16176 | D:9      | Noticed a troll
 16177 | D:9      | Noticed Prince Ribbit
 16569 | D:9      | Killed Prince Ribbit
 16906 | D:9      | Reached XP level 10. HP: 32/42 MP: 12/12
 16943 | D:10     | Entered Level 10 of the Dungeon
 16976 | D:10     | Noticed a guardian serpent
 17021 | D:10     | a guardian serpent changed into a hippogriff
 17067 | D:10     | Found Conoo's Gadget Emporium.
 17421 | D:10     | Noticed a cyclops
 17446 | D:10     | Noticed a hill giant
 17514 | D:10     | Killed a hill giant
 17515 | D:10     | Noticed a salamander
 17574 | D:10     | Noticed a harpy
 17574 | D:10     | a hornet changed into a harpy
 17592 | D:10     | Killed a harpy
 17878 | D:10     | Noticed a gargoyle
 17888 | D:10     | Reached skill level 10 in Stealth
 17895 | D:10     | Killed a gargoyle
 17966 | D:10     | Noticed a hill giant
 17989 | D:10     | Killed a hill giant
 18239 | D:10     | Noticed a cyclops
 18247 | D:10     | Noticed a centaur warrior
 19114 | Lair:1   | Entered Level 1 of the Lair of Beasts
 19487 | Lair:1   | Reached XP level 11. HP: 41/46 MP: 13/13
 19723 | Lair:1   | Reached skill level 10 in Dodging
 21203 | D:8      | Reached skill level 5 in Fighting
 22250 | Lair:1   | Identified a scroll of acquirement
 23464 | Lair:2   | Reached skill level 10 in Fighting
 23865 | Lair:2   | Noticed an ice dragon
 24191 | Lair:2   | Gained mutation: Your thick and shaggy fur keeps you warm. (AC +3, rC+) [Felid growth]
 24191 | Lair:2   | Reached XP level 12. HP: 59/59 MP: 14/14
 26085 | Lair:4   | Found a staircase to the Snake Pit.
 26291 | Lair:5   | Found a labyrinth entrance.
 26300 | Lab      | Entered a labyrinth
 29004 | Lab      | Reached skill level 15 in Fighting
 29107 | Lab      | Noticed a minotaur
 29153 | Lab      | Killed a minotaur
 29155 | Lab      | Got a wavering copper ring
 29175 | Lab      | Identified the Handbook of Stones and Lightness
 30211 | Lair:5   | Noticed a five-headed hydra
 30668 | Lair:1   | Noticed a five-headed hydra
 30726 | Lair:1   | Identified the ring "Somoyt" {+Fly rN+ Str+2 Slay+2} (You took it off a minotaur in a labyrinth)
 32050 | Lair:4   | Found a hide-covered altar of Uskayaw.
 32546 | Lair:4   | Reached XP level 13. HP: 55/70 MP: 15/15
 35300 | D:11     | Learned a level 1 spell: Corona
 35303 | D:11     | Learned a level 2 spell: Ensorcelled Hibernation
 35307 | D:11     | Learned a level 3 spell: Confuse
 35412 | D:11     | You fall through a shaft for 3 floors!
 35412 | D:14     | Noticed Sonja
 35416 | D:14     | Killed Sonja
 35531 | D:14     | Noticed Snorg
 35959 | D:14     | Reached skill level 1 in Hexes
 36299 | D:13     | Found a gate to the Vaults.
 36299 | D:13     | Noticed Rupert
 36660 | D:12     | Noticed Rester5115's ghost (journeyman DrBe)
 36727 | D:11     | Found a staircase to the Orcish Mines.
 38577 | D:10     | Reached skill level 1 in Spellcasting
 41506 | D:10     | Noticed a storm dragon
 41916 | D:11     | Reached skill level 1 in Ice Magic
 42191 | D:12     | Reached skill level 15 in Unarmed Combat
 42381 | D:12     | HP: 1/70 [battlesphere[a tengu conjurer] (11)]
 44762 | D:12     | Reached skill level 5 in Hexes
 45467 | Orc:1    | Entered Level 1 of the Orcish Mines
 45647 | Orc:1    | Found Puluxidd's Gadget Boutique.
 45737 | Orc:2    | Entered Level 2 of the Orcish Mines
 46176 | Orc:1    | Noticed an ettin
 46209 | Orc:1    | Killed an ettin
 46209 | Orc:1    | Reached XP level 14. HP: 75/75 MP: 5/20
 49536 | Orc:2    | Killed from afar by an orc priest
 49537 | Orc:2    | Reached XP level 13. HP: -7/70 MP: 18/20
 52312 | Orc:2    | Noticed an orc warlord
 52357 | Orc:2    | Reached skill level 5 in Spellcasting
 54184 | Orc:2    | Found a staircase to the Elven Halls.
 55142 | Orc:2    | Found Manuah's Antique Weapon Boutique.
 55142 | Orc:2    | Found Jaostie's Book Boutique.
 55143 | Orc:2    | Found Tamethoj's Magic Scroll Shop.
 55143 | Orc:2    | Found Onoi's General Store.
 55152 | Orc:2    | Reached XP level 14. HP: 75/75 MP: 23/23
 55697 | Orc:2    | Paralysed by an orc sorcerer for 7 turns
 55704 | Orc:2    | Slain by an orc sorcerer
 55705 | Orc:2    | Reached XP level 13. HP: 0/70 MP: 17/22
 56189 | Orc:2    | Killed an orc warlord
 56346 | Orc:2    | Noticed an orc warlord
 57065 | Orc:2    | Killed an orc warlord
 58201 | D:12     | Noticed a stone giant
 58380 | D:12     | Killed a stone giant
 60145 | D:12     | Killed Rester5115's ghost
 60464 | D:12     | Noticed a sphinx
 62366 | D:5      | Bought a book of Minor Magic for 260 gold pieces
 62674 | Orc:2    | Bought a scroll of blinking for 105 gold pieces
 62674 | Orc:2    | Bought a potion of curing for 42 gold pieces
 63298 | Orc:2    | Bought a book of Cantrips for 260 gold pieces
 63300 | Orc:2    | Bought a book of Frost for 455 gold pieces
 63339 | Orc:2    | Learned a level 1 spell: Confusing Touch
 63384 | Orc:2    | Learned a level 2 spell: Repel Missiles
 63387 | Orc:2    | Learned a level 2 spell: Blink
 63548 | Elf:1    | Entered Level 1 of the Elven Halls
 63828 | Orc:2    | Reached skill level 5 in Ice Magic
 63933 | Orc:2    | HP: 1/70 [deep elf mage/bolt of fire (30)]
 63934 | Orc:2    | Slain by a deep elf mage

Skill      XL: |  1  2  3  4  5  6  7  8  9 10 11 12 13 14 |
---------------+-------------------------------------------+-----
Unarmed Combat | 5 6 7 8 10 12 13 14 16 | 16.1
Stealth        | 1 2 3 5 7 8 10 11 14 | 14.1
Dodging        | 5 6 8 9 10 11 | 11.4
Fighting       | 4 10 15 16 | 16.2
Evocations     | 1 2 |  2.3
Hexes          | 9 6 |  9.6
Spellcasting   | 6 4 |  6.8
Ice Magic      | 5 2 |  5.1

Action                   |  1- 3 |  4- 6 |  7- 9 | 10-12 | 13-15 || total
-------------------------+-------+-------+-------+-------+-------++-------
Melee: Unarmed           |   126 |   240 |   593 |   602 |  1183 ||  2744
       Bite              |    12 |    18 |    52 |    73 |   135 ||   290
       Punch             |     1 |     4 |    15 |    37 |    80 ||   137
 Cast: Ensorcelled Hiber |       |       |       |       |   272 ||   272
       Confuse           |       |       |       |       |    96 ||    96
       Corona            |       |       |       |       |    90 ||    90
       Blink             |       |       |       |       |     8 ||     8
       Confusing Touch   |       |       |       |       |     3 ||     3
       Repel Missiles    |       |       |       |       |     1 ||     1
 Abil: Evoke Flight      |       |       |       |       |     3 ||     3
Evoke: Wand              |       |       |     7 |    20 |     6 ||    33
  Use: Potion            |       |       |     4 |    10 |     5 ||    19
       Scroll            |       |       |     1 |    27 |    10 ||    38
 Stab: Sleeping          |     1 |     7 |    15 |    38 |    86 ||   147
       Distracted        |       |       |     3 |    11 |     8 ||    22
       Confused          |       |       |     1 |     2 |    20 ||    23
       Paralysed         |       |       |       |     1 |       ||     1
  Eat: Chunk             |       |    12 |    15 |    34 |    65 ||   126
       Meat ration       |       |       |     2 |       |     2 ||     4
       Royal jelly       |       |       |       |       |     1 ||     1
       Pizza             |       |       |       |       |     1 ||     1
Armor: Skin              |     4 |     8 |    17 |    10 |    27 ||    66
Dodge: Dodged            |    86 |   202 |   479 |   397 |   810 ||  1974
       Deflected         |       |       |       |       |     1 ||     1
Block: Other             |       |       |    40 |    88 |   187 ||   315
       Reflection        |       |       |       |     1 |    18 ||    19
